 Seeded DCSS version 0.24-a0-278-gefa1973 (webtiles) character file.

Game seed: 6704095453512493708

97 Anathematize the Sneak (level 4, -2/38 HPs)
             Began as a Deep Dwarf Enchanter on Apr 29, 2019.
             Slain by an orc
             ... wielding a +0 flail
              (5 damage)
             ... on level 2 of the Dungeon.
             The game lasted 00:21:19 (3930 turns).

Anathematize the Sneak (Deep Dwarf Enchanter)       Turns: 3930, Time: 00:21:20

Health: -2/38      AC:  6    Str: 13    XL:     4   Next: 42%
Magic:  5/5        EV: 11    Int: 15    God:
Gold:   149        SH:  0    Dex: 13    Spells: 2/6 levels left

rFire    . . .     SeeInvis .   r - +0 rapier
rCold    . . .     Gourm    .   (no shield)
rNeg     . . .     Faith    .   m - +0 ring mail
rPois    .         Spirit   .   (no helmet)
rElec    .         Reflect  .   c - +0 cloak
rCorr    .         Harm     .   (no gloves)
MR       .....                  (no boots)
Stlth    +++.......             (no amulet)
HPRegen  0.00/turn              q - ring of stealth
MPRegen  0.09/turn              (no ring)

@: non-regenerating
A: damage resistance, heal wounds, sense surroundings 1, no regeneration
a: Heal Wounds


You were on level 2 of the Dungeon.
You were hungry.

You visited 1 branch of the dungeon, and saw 3 of its levels.

You collected 149 gold pieces.

Inventory:

Hand Weapons
 a - a +1 dagger
 i - a +1 dagger of speed
 p - a +0 hunting sling
 r - a +0 rapier (weapon)
Missiles
 j - 85 stones (quivered)
 l - 2 poisoned needles
Armour
 b - a +0 robe
 c - a +0 cloak (worn)
 f - a +0 shield of protection
 g - a cursed -1 chain mail
 m - a +0 ring mail (worn)
 o - a +0 scale mail
Jewellery
 q - a ring of stealth (left hand)
Potions
 e - a potion of brilliance
 h - 3 potions of lignification
 k - a potion of curing
Comestibles
 d - 7 rations
 n - 5 chunks of flesh


   Skills:
 + Level 1.2 Fighting
 * Level 2.3 Short Blades
 - Level 2.1 Dodging
 + Level 4.2 Stealth
 - Level 1.7 Spellcasting
 * Level 3.1 Hexes


You had 2 spell levels left.
You knew the following spells:

 Your Spells              Type           Power        Failure   Level  Hunger
a - Corona                Hex            ##.....      14%         1    ##.....
b - Confuse               Hex            ##......     38%         3    ####...

Your spell library contained the following spells:

 Spells                   Type           Power        Failure   Level  Hunger
 Ensorcelled Hibernation  Hex/Ice        #.....       36%         2    ###....
 Corpse Rot               Necr           N/A          58%         2    ###....
 Sublimation of Blood     Necr           #.........   58%         2    ###....
 Tukima's Dance           Hex            ##......     38%         3    ####...
 Dazzling Spray           Conj/Hex       #.....       61%         3    ####...
 Agony                    Necr           #.......     100%        5    ######.
 Bolt of Draining         Conj/Necr      #.........   100%        5    ######.
 Dispel Undead            Necr           #.......     100%        5    ######.
 Excruciating Wounds      Chrm/Necr      #.........   100%        5    ######.


Dungeon Overview and Level Annotations

Branches:
Dungeon (3/15)

Altars:
Fedhas

Annotations:
D:2 exclusion: oklob plant
D:3 exclusion: adder, Ijyb, Robin, Sigmund


Innate Abilities, Weirdness & Mutations

You are resistant to damage.
You can heal yourself by infusing magical energy.
You passively map a small area around you.
You do not regenerate.


Message History

r - a +0 rapier (weapon)
You closely miss the orc priest.
You are feeling hungry.
The orc hits you but does no damage. The orc priest closely misses you.
You hit the orc priest.
The orc priest is heavily wounded.
The orc hits you with a +0 flail.
The orc priest mumbles some strange prayers to Beogh against you.
Beogh smites you!
You completely miss the orc priest.
The orc priest is heavily wounded.
The orc priest hits you but does no damage.
The orc barely misses you.
You hit the orc priest but do no damage.
The orc priest is heavily wounded.
The orc priest invokes the aid of Beogh against you.
Beogh smites you!
* * * LOW HITPOINT WARNING * * *
The orc hits you with a +0 flail.
You die...

# #.....# ##.#### ##
###.<# .######....####
.#............##
...............#####
................##.#
#..............oo..######
#...............@.......#
#...............#...<...#
................#.......#
##.............##.......#
###....)......######.####
# ####.#.###### #)# #
#.#.# #.# ######.#.# #.#
....#[.#.#### #.#


You could see an orc priest and an orc.

Vanquished Creatures
  4 gnolls
  An adder (D:2)
  A worm (D:2)
  8 goblins
  3 hobgoblins
  A quokka (D:2)
  2 ball pythons
  9 bats
  4 frilled lizards
  11 kobolds
  5 rats
49 creatures vanquished.

Vanquished Creatures (others)
  15 toadstools (D:2)
15 creatures vanquished.

Grand Total: 64 creatures vanquished

Notes
Turn   | Place    | Note
-------+----------+-------------------------------------------
     0 | D:1      | Anathematize the Deep Dwarf Enchanter began the quest for
                  | the Orb.
     0 | D:1      | Reached XP level 1. HP: 15/15 MP: 3/3
    85 | D:1      | Reached skill level 1 in Short Blades
   567 | D:1      | Reached XP level 2. HP: 13/22 MP: 2/4
  1350 | D:2      | Reached XP level 3. HP: 22/30 MP: 2/4
  1364 | D:2      | Learned a level 3 spell: Confuse
  2082 | D:2      | Found a blossoming altar of Fedhas.
  2100 | D:2      | Noticed an oklob plant
  2481 | D:1      | Reached skill level 1 in Fighting
  2481 | D:1      | Reached skill level 4 in Stealth
  2959 | D:2      | Reached XP level 4. HP: 9/38 MP: 1/5
  3329 | D:3      | Noticed Ijyb
  3729 | D:3      | Noticed Sigmund
  3738 | D:3      | Noticed Robin
  3930 | D:2      | Slain by an orc

Levels and vault maps discovered:
D:1:      lightli_arrival_isolated_outpost, layout_basic, minivault_26,
          minivault_25, serial_bayou_pond_b
D:2:      layout_rooms, first_ration, tgw_fedhas
D:3:      layout_basic, ebering_ghost_disaster_area, saegor_snake_ambush,
          uniq_sigmund, uniq_ijyb, uniq_robin

Skill      XL: |  1  2  3 |
---------------+----------+-----
Short Blades   | 1 2 |  2.3
Fighting       | 1 |  1.2
Stealth        | 4 |  4.2
Hexes          | 3 |  3.1
Dodging        | |  2.1
Spellcasting   | |  1.7

Action                   |  1- 3 |  4- 6 || total
-------------------------+-------+-------++-------
Melee: Dagger            |   118 |    38 ||   156
       Rapier            |       |     4 ||     4
Throw: Stone             |    15 |       ||    15
 Cast: Corona            |    29 |     3 ||    32
       Confuse           |    18 |     3 ||    21
 Abil: Heal Wounds       |     1 |       ||     1
  Use: Scroll            |     1 |     4 ||     5
       Potion            |     1 |     1 ||     2
 Stab: Sleeping          |     3 |       ||     3
       Confused          |     4 |     1 ||     5
  Eat: Chunk             |     8 |     2 ||    10
       Ration            |       |     1 ||     1
Armor: Robe              |    18 |       ||    18
       Ring mail         |       |    12 ||    12
Dodge: Dodged            |    60 |    24 ||    84

Table legend:
 A = Non-vault XP
 B = Vault XP
 C = Vault XP percentage of total XP
 D = Non-vault monster count
 E = Vault monster count
 F = Vault count percentage of total count
                 A         B        C        D         E       F
            +---------+---------+-------+---------+---------+-------
      Total |     133 |       6 |   4.3 |      46 |       3 |   6.1
            +---------+---------+-------+---------+---------+-------
        D:1 |      36 |       2 |   5.3 |      17 |       1 |   5.6
        D:2 |      90 |       2 |   2.2 |      24 |       1 |   4.0
        D:3 |       7 |       2 |  22.2 |       5 |       1 |  16.7
            +---------+---------+-------+---------+---------+-------
